 Dungeon Crawl Stone Soup version 0.32-a0-132-g2d33c3cfaf (webtiles) character file.

Game seed: 4052470122770523450

93256 sanka the Crack Shot (level 15, -2/88 HPs)
             Began as a Deep Elf Hunter on Feb 9, 2024.
             Was the Champion of Okawaru.
             Slain by Agnes
             ... wielding a +2 antimagic lajatang
              (18 damage)
             ... on level 14 of the Dungeon.
             The game lasted 00:51:26 (23289 turns).

sanka the Crack Shot (Deep Elf Hunter)             Turns: 23289, Time: 00:51:27

Health: -2/88      AC: 18    Str:  8    XL:     15   Next: 60%
Magic:  0/30       EV: 39    Int: 16    God:    Okawaru [******]
Gold:   1943       SH:  0    Dex: 30    Spells: 14/14 levels left

rFire   + . .        a - +5 triple crossbow (heavy)
rCold   + + .        (shield currently unavailable)
rNeg    + . .        P - +2 robe {rN+}
rPois   .            l - +0 helmet
rElec   .            J - +1 cloak "Qirelef" {+Inv rF+ rC++ MP+9}
rCorr   .            d - +2 pair of gloves
SInv    .            s - +2 pair of boots
Will    +....        z - amulet of guardian spirit
Stlth   ++++         x - +4 ring of protection
HPRegen 0.34/turn    H - +6 ring of dexterity
MPRegen 0.22/turn

%: guardian spirit
@: heroic, fragile (+50% incoming damage)
A: no striking features
a: Renounce Religion, Evoke Invisibility, Heroism, Finesse, Duel


You were on level 14 of the Dungeon.
You worshipped Okawaru.
Okawaru was exalted by your worship.
You visited 4 branches of the dungeon, and saw 22 of its levels.
You also visited: Gauntlet.

You collected 3086 gold pieces.
You spent 1143 gold pieces at shops.


   Skills:
 + Level 8.3(13.3) Fighting
 - Level 26.0(27) Ranged Weapons
 + Level 18.7(23.7) Dodging
 - Level 1.2(6.2) Stealth
 + Level 6.4 Invocations


You had 14 spell levels left.
You didn't know any spells.
Your spell library contained the following spells:

 Spells                   Type           Power      Damage    Failure   Level
 Apportation              Tloc           0%         N/A       26%         1
 Magic Dart               Conj           0%         1d3       26%         1
 Necrotise                Necr           0%         1d4       26%         1
 Shock                    Conj/Air       0%         1d3       26%         1
 Slow                     Hex            0%         N/A       26%         1
 Sting                    Conj/Alch      0%         1d3       26%         1
 Blink                    Tloc           0%         N/A       36%         2
 Ensorcelled Hibernation  Hex/Ice        0%         N/A       36%         2
 Mercury Vapours          Alch/Air       0%         N/A       36%         2
 Confusing Touch          Hex            0%         N/A       58%         3
 Frozen Ramparts          Ice            0%         1d1       58%         3
 Inner Flame              Hex/Fire       0%         N/A       58%         3
 Mephitic Cloud           Conj/Alch/Air  0%         N/A       58%         3
 Ozocubu's Armour         Ice            0%         N/A       58%         3
 Passwall                 Erth           0%         N/A       58%         3
 Sigil of Binding         Hex            0%         N/A       58%         3
 Stone Arrow              Conj/Erth      0%         3d7       58%         3
 Swiftness                Air            0%         N/A       58%         3
 Vampiric Draining        Necr           0%         2d6       58%         3
 Airstrike                Air            0%         2d(0-16)  94%         4
 Flame Wave               Conj/Fire      0%         2d4       94%         4
 Leda's Liquefaction      Alch/Erth      0%         N/A       94%         4
 Petrify                  Alch/Erth      0%         N/A       94%         4
 Sticky Flame             Fire/Alch      0%         2d4       94%         4
 Freezing Cloud           Conj/Ice/Air   0%         6-21      100%        5
 Metabolic Englaciation   Hex/Ice        0%         N/A       100%        5
 Lehudib's Crystal Spear  Conj/Erth      0%         10d2      100%        8
 Summon Small Mammal      Summ           Unusable   N/A       N/A         1
 Call Imp                 Summ           Unusable   N/A       N/A         2
 Animate Armour           Summ/Erth      Unusable   N/A       N/A         4
 Sculpt Simulacrum        Ice/Alch       Unusable   N/A       N/A         6

Inventory:

Hand Weapons
 a - a +5 heavy triple crossbow (weapon)
Missiles
 S - 5 curare-tipped darts {=f}
Armour
 d - a +2 pair of gloves (worn)
 l - a +0 helmet (worn)
 s - a +2 pair of boots (worn)
 G - a +1 pair of gloves
 J - the +1 cloak "Qirelef" (worn) {+Inv rF+ rC++ MP+9} rF+: It protects you from fire. rC++: It greatly protects you from cold. MP+9: It affects your magic capacity (+9). +Inv: It lets you turn invisible.
 P - a +2 robe of positive energy (worn)
Jewellery
 b - an amulet of regeneration
 i - a ring of protection from fire
 n - an amulet of the acrobat
 x - a +4 ring of protection (left hand)
 z - an amulet of guardian spirit (around neck)
 F - a +4 ring of protection
 H - a +6 ring of dexterity (right hand)
 O - a +5 ring of evasion
 R - the ring of Musefow {Fly Dex+4}

   [ring of flight]

   Dex+4:     It affects your dexterity (+4).
   Fly:       It grants you flight.
Wands
 o - a wand of roots (10)
 C - a wand of mindburst (28)
 M - a wand of flame (39)
 Q - a wand of quicksilver (12)
 T - a wand of digging (8)
Scrolls
 e - 5 scrolls of immolation {!r}
 g - 10 scrolls of teleportation {@r4}
 k - 4 scrolls of noise {!r}
 p - a scroll of identify {@r1}
 u - 3 scrolls of blinking
 v - 7 scrolls of enchant armour
 y - 13 scrolls of poison {!r}
 D - 2 scrolls of fog
 I - a scroll of silence {!r}
 L - a scroll of fear
 U - a scroll of revelation
Potions
 c - 9 potions of curing {@q1}
 f - 3 potions of might
 h - 4 potions of haste {@q3}
 j - 2 potions of mutation {unknown}
 m - 2 potions of ambrosia
 q - 2 potions of heal wounds {@q2}
 r - 3 potions of attraction {!q}
 t - 6 potions of enlightenment
 w - a potion of resistance {unknown}
 A - a potion of experience {unknown}
 B - 2 potions of invisibility {unknown}
 E - 3 potions of berserk rage {!q}
 K - 2 potions of cancellation
Miscellaneous
 N - a condenser vane

Dungeon Overview and Level Annotations

Branches:
Dungeon (14/15)            Temple (1/1) D:7            Lair (5/5) D:9
 Shoals (0/4) Lair:2       Spider (0/4) Lair:2        Slime (0/5) Lair:4
    Orc (2/2) D:9             Elf (0/3) Orc:2        Vaults (0/5) D:13
Gauntlet (visited)

Altars:
Ashenzari
Cheibriados
Dithmenos
Elyvilon
Fedhas
Gozag
Hepliaklqana
Kikubaaqudgha
Makhleb
Nemelex Xobeh
Okawaru
Qazlal
Ru
Sif Muna
Trog
Uskayaw
Vehumet
Wu Jian
Xom
Yredelemnul
Zin
The Shining One
Jiyva

Shops:
D:1 (   D:5 *   D:6 =   D:7 (   D:11 *   Orc:1 (   Orc:2 (::?

Annotations:
D:7 5 runed translucent doors
D:14 1 runed translucent door, Agnes
Lair:5 Wankojul's ghost, novice SpDe

...... ▒▒▒▒▒▒▒▒▒▒▒.▒. ▒▒▒▒▒
▒........▒▒.▒.▒▒▒ .
▒........▒▒..... ▒▒▒▒▒▒▒▒▒▒▒
..▒........▒▒......
..........
...........▒.▒.▒.▒▒▒▒▒▒▒....)
▒...$.▒▒.▒.▒.▒....▒▒▒.▒.▒..
▒.....▒▒.▒)...........▒.▒▒.
▒.........ei....H..........
▒....)▒▒.p..▒▒▒..▒▒...▒....
▒.....▒▒...(........▒▒▒▒▒▒▒
▒▒▒.........▒▒▒.)▒▒▒▒
..>...▒▒▒▒▒▒ ▒.....▒ .▒▒.▒▒.▒
▒▒....▒ ▒ ▒. ▒.. ▒▒▒▒.▒ ▒.
▒▒. ▒.Pß▒ ▒.▒P+.▒


You could see Agnes, a manticore and an arcanist (fast).


Message History

Aim: Agnes, wielding a +2 antimagic lajatang and wearing a +2 robe of willpower (lightly wounded, constricted by roots, 86% to hit)
You shoot a bolt. The bolt hits Agnes!!
Agnes is moderately wounded.
The sentinel's mark upon you fades away.
The grasping roots constrict Agnes.
Agnes completely misses you. The arcanist completely misses you.
Agnes completely misses you. The arcanist completely misses you.
Agnes completely misses you.
A manticore comes into view.
Unknown command.
Unknown command.
Fire: a) +5 triple crossbow (heavy)
Press: ? - help, Q - select action, (/) - cycle Shift-Dir - straight line, f/p - Agnes
Aim: Agnes, wielding a +2 antimagic lajatang and wearing a +2 robe of willpower (heavily wounded, constricted by roots, 86% to hit)
You shoot a bolt. The bolt hits Agnes but does no damage.
Agnes is heavily wounded.
The grasping roots constrict Agnes!
The roots release their grip on Agnes.
The arcanist completely misses you. Agnes completely misses you.
The arcanist misses you. Agnes completely misses you.
The arcanist hits you but does no damage.
Agnes hits you with a +2 antimagic lajatang!
You die...
Agnes says, "May you follow the Path of Peace in your next life."

Action                     |  1- 3 |  4- 6 |  7- 9 | 10-12 | 13-15 || total
---------------------------+-------+-------+-------+-------+-------++-------
   Fire: Shortbow          |    80 |   165 |       |       |       ||   245
         Arbalest          |       |    29 |   153 |   567 |    25 ||   774
         Triple crossbow   |       |       |       |       |   726 ||   726
 Invoke: Heroism           |       |       |       |     7 |    15 ||    22
         Receive Weapon    |       |       |       |       |     1 ||     1
         Receive Armour    |       |       |       |       |     1 ||     1
         Finesse           |       |       |       |       |     1 ||     1
  Evoke: Wand              |       |       |       |       |     1 ||     1
    Use: Scroll            |       |     5 |     4 |     4 |    20 ||    33
         Potion            |       |       |       |       |     1 ||     1
 Armour: Leather armour    |     8 |    45 |     2 |       |       ||    55
         Robe              |       |       |    23 |   131 |   124 ||   278
  Dodge: Dodged            |    19 |    55 |    44 |   417 |   498 ||  1033

Levels and vault maps discovered:
D:1:      kennysheep_arrival_forest, layout_loops_ring, serial_shops,
          shop_statue, hangedman_decor_growths
D:2:      layout_loops_cross, basic_altar, uniq_jessica, uniq_natasha
D:3:      layout_basic, mainiacjoe_overflow_brackets
D:4:      layout_basic
D:5:      layout_loops_ring, nicolae_gozag_zags_fifth_avenue,
          gammafunk_ghost_mausoleum
D:6:      layout_basic, nicolae_overflow_squiral, serial_shops, shop,
          corexii_hall_statues_l, grunt_decor_arrowhead,
          minmay_misc_feat_encased, hex_intersection, kennysheep_nondescript
D:7:      layout_basic, gammafunk_temple_overflow_elements,
          minmay_temple_entry_glassed_door, serial_shops,
          nicolae_shop_pleasant_corner_grove,
          minmay_guarded_unrand_staff_of_olgreb
D:8:      layout_basic, mainiacjoe_overflow_surrounded_room,
          nicolae_overflow_hidden_temple, nrook_pool_corridor,
          serial_library_regret_index_double_sided, minmay_misc_feat_diagonals,
          corexii_checkpoint, uniq_gastronok
D:9:      minmay_klotski, layout_loops_ring, david_lair_shrubbed, orc_0_dummy
D:10:     layout_loops_cross
D:11:     layout_roguey, serial_shops, nicolae_stop_n_shop_1,
          lightli_wizard_tower
D:12:     layout_stronghold, ebering_ghost_inner_flame, jiyva_altar_1,
          uniq_lodul, uniq_maurice, uniq_urug
D:13:     layout_cave_pools, lightli_vaults_fourway_checkpoint,
          serial_bayou_lake_a
D:14:     gammafunk_indiana_jones, layout_basic, lemuel_doored_altar,
          uniq_roxanne, uniq_agnes
Temple:   nicolae_temple_x_marks_the_god
Lair:1:   regret_index_malice_mire, layout_layer_cave, grunt_megastairs_3,
          uniq_grum
Lair:2:   layout_layer_cave, elwin_shoals_entry_stream, dummy_spider_entry,
          serial_bayou_shore_a, serial_bayou_shore_b, infiniplex_staircase_pool
Lair:3:   layout_regular_city, patterned_corridor, serial_bayou_shore_b,
          serial_bayou_shore_b
Lair:4:   layout_concentric_octagons, nicolae_slime_entry_field_trip,
          gauntlet_entry_generic, serial_bayou, serial_bayou_pond_d,
          serial_bayou_pond_d, serial_bayou_ford_a, serial_bayou_pond_c,
          nicolae_quartered_pool_little
Lair:5:   grunt_lair_end_beastmaster, layout_gridlike,
          gammafunk_ghost_wrathful_warriors
Orc:1:    layout_caves, serial_shops, nicolae_shop_back_alley_shop, uniq_sonja
Orc:2:    kennysheep_orc_mage_school, layout_caves, basic_altar,
          maelrawn_ghost_gauntlet_escape, nicolae_orc_hostile_takeover

Notes
Turn   | Place    | Note
-------+----------+-------------------------------------------
     0 | D:1      | sanka the Deep Elf Hunter began the quest for the Orb.
     0 | D:1      | Reached XP level 1. HP: 12/12 MP: 3/3
   128 | D:1      | Reached skill level 2 in Fighting
   180 | D:1      | Reached XP level 2. HP: 17/17 MP: 4/4
   228 | D:1      | Found Pocyt's Antique Weapon Shop.
   444 | D:1      | Reached skill level 3 in Dodging
   650 | D:1      | Reached XP level 3. HP: 21/21 MP: 5/5
   733 | D:2      | Noticed Natasha
   738 | D:2      | Killed Natasha
   739 | D:2      | Reached skill level 6 in Ranged Weapons
   839 | D:2      | Reached XP level 4. HP: 23/26 MP: 6/6
   954 | D:2      | Reached skill level 4 in Dodging
   954 | D:2      | Noticed Natasha
  1062 | D:2      | Killed Natasha
  1170 | D:2      | Found an ancient bone altar of Kikubaaqudgha.
  1236 | D:2      | Noticed Jessica
  1240 | D:2      | Killed Jessica
  1283 | D:2      | Reached XP level 5. HP: 30/30 MP: 7/7
  1706 | D:3      | Reached skill level 7 in Ranged Weapons
  1877 | D:3      | Found a glowing silver altar of Zin.
  2487 | D:4      | Reached skill level 5 in Dodging
  3149 | D:1      | Bought a runed arbalest for 187 gold pieces
  3286 | D:4      | Reached XP level 6. HP: 35/35 MP: 8/8
  3424 | D:4      | Identified +0 swamp dragon scales
  3457 | D:5      | Entered Level 5 of the Dungeon
  3505 | D:5      | Reached skill level 8 in Ranged Weapons
  3552 | D:5      | Reached skill level 6 in Dodging
  3648 | D:5      | Found Gozag's Platinum Reserve.
  3663 | D:5      | Noticed a yak
  3665 | D:5      | Noticed a yak
  3681 | D:5      | Noticed a yak
  3683 | D:5      | Killed a yak
  3683 | D:5      | Noticed a yak
  3684 | D:5      | Reached skill level 9 in Ranged Weapons
  3684 | D:5      | Reached XP level 7. HP: 40/40 MP: 9/9
  3684 | D:5      | Noticed a yak
  3691 | D:5      | Killed a yak
  3698 | D:5      | Killed a yak
  3699 | D:5      | Reached skill level 10 in Ranged Weapons
  3699 | D:5      | Reached skill level 7 in Dodging
  3764 | D:5      | Found an opulent altar of Gozag.
  3811 | D:5      | Killed a yak
  3812 | D:5      | Reached XP level 8. HP: 44/44 MP: 10/10
  3815 | D:5      | Reached skill level 11 in Ranged Weapons
  3851 | D:5      | Found a transporter.
  3855 | D:5      | Found a transporter.
  3857 | D:5      | Noticed Takeo's ghost (novice OpSh)
  3996 | D:5      | Reached skill level 8 in Dodging
  4228 | D:5      | Reached skill level 12 in Ranged Weapons
  4313 | D:6      | Found Barafuhec's Jewellery Shop.
  4635 | D:6      | Found a hazy altar of Hepliaklqana.
  4640 | D:6      | Found a sacrificial altar of Ru.
  4714 | D:6      | Reached skill level 13 in Ranged Weapons
  4714 | D:6      | Reached XP level 9. HP: 48/48 MP: 11/11
  4785 | D:6      | Reached skill level 9 in Dodging
  5446 | D:7      | Found Dusua's Weapon Emporium.
  5593 | D:7      | Found a staircase to the Ecumenical Temple.
  5658 | D:7      | Reached skill level 14 in Ranged Weapons
  5687 | D:7      | Found a runed translucent door.
  5697 | D:7      | Found the +9 staff of Olgreb {rPois∞}
  5734 | D:7      | Found a runed translucent gate.
  5734 | D:7      | Found a runed translucent gate.
  5735 | D:7      | Found a runed translucent door.
  5750 | D:7      | Found a runed translucent gate.
  6111 | D:7      | Found a shimmering blue altar of Sif Muna.
  6111 | D:7      | Found a hide-covered altar of Uskayaw.
  6252 | D:8      | Found a bloodstained altar of Trog.
  6384 | D:8      | Reached skill level 10 in Dodging
  6456 | Temple   | Entered the Ecumenical Temple
  6680 | D:8      | Found an iron altar of Okawaru.
  6695 | D:8      | Found a blossoming altar of Fedhas.
  6710 | D:8      | Noticed Gastronok
  6759 | D:8      | Killed Gastronok
  6760 | D:8      | Reached skill level 15 in Ranged Weapons
  6760 | D:8      | Reached XP level 10. HP: 32/53 MP: 12/12
  7277 | D:8      | Found a burning altar of Makhleb.
  7383 | D:9      | Reached skill level 16 in Ranged Weapons
  7383 | D:9      | Reached skill level 11 in Dodging
  7476 | D:9      | Found a staircase to the Lair.
  7769 | D:9      | Reached skill level 17 in Ranged Weapons
  8055 | D:9      | Found a staircase to the Orcish Mines.
  8446 | D:8      | Became a worshipper of Warmaster Okawaru
  8497 | D:10     | Entered Level 10 of the Dungeon
  8513 | D:10     | Reached skill level 12 in Dodging
  8626 | D:10     | Reached * piety under Okawaru
  8628 | D:10     | Reached XP level 11. HP: 57/57 MP: 13/13
  8641 | D:10     | Reached skill level 18 in Ranged Weapons
  8998 | D:9      | Reached skill level 13 in Dodging
  8998 | D:9      | Reached ** piety under Okawaru
  8999 | D:9      | Noticed a catoblepas
  9001 | D:9      | Noticed a deep elf pyromancer
  9016 | D:9      | Killed a deep elf pyromancer
  9040 | D:9      | Killed a catoblepas
  9041 | D:9      | Reached skill level 14 in Dodging
  9277 | D:9      | Reached *** piety under Okawaru
  9640 | D:10     | Reached skill level 15 in Dodging
  9705 | D:10     | Noticed an eight-headed hydra
  9713 | D:10     | Killed an eight-headed hydra
  9983 | D:11     | Found Awnegal's General Store.
 10119 | D:11     | Noticed a boulder beetle
 10152 | D:11     | Killed a boulder beetle
 10152 | D:11     | Reached **** piety under Okawaru
 10375 | D:11     | Noticed a two-headed ogre
 10375 | D:11     | Noticed a green ugly thing
 10387 | D:11     | Killed a two-headed ogre
 10388 | D:11     | Reached skill level 3 in Fighting
 10397 | D:11     | Killed a green ugly thing
 10398 | D:11     | Reached skill level 16 in Dodging
 10716 | D:11     | Identified the +5 trident of Ignis's Castigation {protect,
                  | ^Drain rElec Str+3 Int+3}
 10746 | D:11     | Reached XP level 12. HP: 66/66 MP: 14/14
 10866 | D:11     | Reached skill level 4 in Fighting
 10970 | D:11     | Bought a +4 ring of protection for 576 gold pieces
 11114 | D:5      | Killed Takeo's ghost
 11282 | Lair:1   | Entered Level 1 of the Lair of Beasts
 11282 | Lair:1   | Noticed Grum
 11366 | D:9      | Reached ***** piety under Okawaru
 11384 | Lair:1   | Killed Grum
 11502 | Lair:1   | Reached skill level 5 in Fighting
 11736 | Lair:1   | Noticed a catoblepas
 11779 | Lair:1   | Killed a catoblepas
 11780 | Lair:1   | Reached skill level 17 in Dodging
 11846 | Lair:1   | Reached skill level 6 in Fighting
 11991 | Lair:1   | Received a gift from Okawaru
 12329 | Lair:1   | Reached skill level 7 in Fighting
 12715 | Lair:1   | Reached skill level 18 in Dodging
 12823 | Lair:1   | Noticed a catoblepas
 12823 | Lair:1   | Noticed a catoblepas
 12837 | Lair:1   | Reached ****** piety under Okawaru
 12846 | Lair:1   | Killed a catoblepas
 12847 | Lair:1   | Reached XP level 13. HP: 68/76 MP: 15/15
 13064 | Lair:2   | Received a gift from Okawaru
 13078 | Lair:2   | Found a hole to the Spider Nest.
 13079 | Lair:2   | Acquired a +1 triple crossbow of draining
 13079 | Lair:2   | Received a gift from Okawaru
 13155 | Lair:2   | Acquired the +1 cloak "Qirelef" {+Inv rF+ rC++ MP+9}
 13155 | Lair:2   | Received a gift from Okawaru
 13263 | Lair:2   | Reached skill level 1 in Invocations
 13279 | Lair:2   | Reached skill level 2 in Invocations
 13740 | Lair:2   | Reached skill level 3 in Invocations
 13829 | Lair:2   | Found a staircase to the Shoals.
 14616 | Lair:3   | Reached skill level 4 in Invocations
 14627 | Lair:3   | Received a gift from Okawaru
 14684 | Lair:3   | Reached skill level 19 in Ranged Weapons
 14799 | Lair:3   | Reached skill level 5 in Invocations
 15297 | Lair:4   | Found a staircase to the Slime Pits.
 15304 | Lair:4   | Found a gate leading to a gauntlet.
 15458 | Gauntlet | Entered a Gauntlet
 15458 | Gauntlet | Found a transporter.
 15468 | Gauntlet | Found a transporter.
 15482 | Gauntlet | Found a transporter.
 15487 | Gauntlet | Found a transporter.
 15503 | Gauntlet | Found a transporter.
 15525 | Gauntlet | Found a transporter.
 15534 | Gauntlet | Found a transporter.
 15542 | Gauntlet | Found a transporter.
 15542 | Gauntlet | Found a transporter.
 15555 | Gauntlet | Found a large runed translucent door.
 15556 | Gauntlet | Found a large runed translucent door.
 15557 | Gauntlet | Found a large runed translucent door.
 15557 | Gauntlet | Found a large runed translucent door.
 15558 | Gauntlet | Found a runed translucent gate.
 15559 | Gauntlet | Found a transporter.
 15559 | Gauntlet | Found a runed translucent gate.
 15560 | Gauntlet | Found a runed translucent gate.
 15561 | Gauntlet | Found a large runed translucent door.
 15561 | Gauntlet | Found a large runed translucent door.
 15561 | Gauntlet | Found a runed translucent door.
 15561 | Gauntlet | Found a runed translucent door.
 15562 | Gauntlet | Found a large runed translucent door.
 15563 | Gauntlet | Found a large runed translucent door.
 15565 | Gauntlet | Found a transporter.
 15569 | Gauntlet | Found a transporter.
 15578 | Gauntlet | Found a large runed translucent door.
 15578 | Gauntlet | Found a large runed translucent door.
 15579 | Gauntlet | Found a large runed translucent door.
 15580 | Gauntlet | Found a large runed translucent door.
 15588 | Gauntlet | Found a transporter.
 15590 | Gauntlet | Found a large runed translucent door.
 15590 | Gauntlet | Found a large runed translucent door.
 15591 | Gauntlet | Found a large runed translucent door.
 15592 | Gauntlet | Found a large runed translucent door.
 15594 | Gauntlet | Found a transporter.
 15596 | Gauntlet | Found a transporter.
 15617 | Gauntlet | Found a transporter.
 15623 | Gauntlet | Found a transporter.
 15666 | Gauntlet | Found a transporter.
 15748 | Gauntlet | Reached skill level 20 in Ranged Weapons
 15888 | Gauntlet | Identified the +0 pair of gloves of the Tormentor {Harm
                  | Rampage rF- Str+4}
 15949 | Gauntlet | Identified the +0 pair of boots of Quick New Discoveries
                  | {Int+3}
 16005 | Gauntlet | Noticed a minotaur
 16008 | Gauntlet | Killed a minotaur
 16013 | Gauntlet | Identified the +0 leather armour "Dukleroz" {rN+ Str+3}
 16033 | Gauntlet | Received a gift from Okawaru
 16235 | Lair:4   | Reached skill level 21 in Ranged Weapons
 16437 | Lair:4   | Reached XP level 14. HP: 70/82 MP: 19/19
 16894 | Lair:5   | Entered Level 5 of the Lair of Beasts
 17052 | Lair:5   | Reached skill level 22 in Ranged Weapons
 17096 | Lair:5   | Found a bloodstained altar of Trog.
 17096 | Lair:5   | Noticed Wankojul's ghost (novice SpDe)
 17120 | Lair:5   | Received a gift from Okawaru
 17123 | Lair:5   | Found a transporter.
 17131 | Lair:5   | Found a transporter.
 17510 | Lair:5   | Reached skill level 23 in Ranged Weapons
 17853 | Lair:5   | Identified the ring of Musefow {Fly Dex+4}
 17934 | Lair:5   | Reached skill level 24 in Ranged Weapons
 18436 | Orc:1    | Entered Level 1 of the Orcish Mines
 18581 | Orc:1    | Noticed Sonja
 18627 | D:9      | Killed Sonja
 18841 | Orc:1    | Found Gytox's Weapon Shop.
 18889 | Orc:1    | Received a gift from Okawaru
 18994 | Orc:2    | Entered Level 2 of the Orcish Mines
 19014 | Orc:2    | Found a staircase to the Elven Halls.
 19073 | Orc:2    | Found a runed translucent gate.
 19075 | Orc:2    | Found a runed translucent gate.
 19076 | Orc:2    | Found a runed translucent gate.
 19153 | Orc:2    | Noticed Raspi's ghost (adept HOMo)
 19450 | Orc:2    | Found Guus's Antique Weapon Emporium.
 19472 | Orc:2    | Found an ancient bone altar of Kikubaaqudgha.
 19475 | Orc:2    | Noticed Nergalle
 19614 | Orc:2    | Found Kauluk's Magic Scroll Shoppe.
 19712 | Orc:2    | Found a radiant altar of Vehumet.
 19730 | Orc:2    | Found Qad Esko's Book Shoppe.
 19740 | Orc:2    | Killed Nergalle
 19742 | Orc:2    | Reached XP level 15. HP: 87/87 MP: 20/20
 19759 | Orc:2    | Reached skill level 25 in Ranged Weapons
 19800 | Orc:2    | Found Jeluad's Book Shoppe.
 20345 | D:11     | Bought a scroll of enchant armour for 120 gold pieces
 20505 | Orc:2    | Bought a scroll of identify for 20 gold pieces
 20505 | Orc:2    | Bought a scroll of identify for 20 gold pieces
 20505 | Orc:2    | Bought a scroll of identify for 20 gold pieces
 20505 | Orc:2    | Bought a scroll of revelation for 75 gold pieces
 20505 | Orc:2    | Bought a scroll of enchant weapon for 75 gold pieces
 20505 | Orc:2    | Bought a scroll of identify for 20 gold pieces
 20505 | Orc:2    | Bought a scroll of teleportation for 30 gold pieces
 20641 | Orc:1    | Received a gift from Okawaru
 20921 | Orc:2    | Killed Raspi's ghost
 21192 | D:12     | Noticed Maurice
 21198 | D:12     | Killed Maurice
 21398 | D:12     | Identified the +1 ring mail of Polish {rPois rC+ Will+
                  | Dex-3}
 21430 | D:12     | Found a viscous altar of Jiyva.
 21599 | D:12     | Noticed Lodul
 21603 | D:12     | Killed Lodul
 21921 | D:12     | Found a runed translucent door.
 21921 | D:12     | Noticed Wuipt's ghost (journeyman DjDe)
 21951 | D:12     | Noticed Urug
 21953 | D:12     | Killed Urug
 22310 | D:12     | Killed Wuipt's ghost
 22408 | D:13     | Received a gift from Okawaru
 22451 | D:13     | Reached skill level 26 in Ranged Weapons
 22594 | D:13     | Identified the +8 morningstar "Bugeklon" {distort, Int+4}
 22868 | D:13     | Found a gate to the Vaults.
 22887 | D:13     | Reached skill level 8 in Fighting
 22897 | D:13     | Reached skill level 6 in Invocations
 23240 | D:14     | Found a runed translucent door.
 23253 | D:14     | Received a gift from Okawaru
 23275 | D:14     | Noticed Agnes
 23289 | D:14     | Slain by Agnes

Vanquished Creatures
  Gastronok (D:8)
  The ghost of Raspi the Severer, an adept HOMo of Uskayaw (Orc:2)
  2 minotaurs
  A dire elephant (Lair:5)
  The ghost of Wuipt the Fighter, a journeyman DjDe of Makhleb (D:12)
  5 hydras
  4 vault guards (D:13)
  A boulder beetle (D:11)
  A death knight (D:13)
  3 ogre magi (Orc:2)
  4 centaur warriors
  2 two-headed ogres
  6 catoblepae
  15 death yaks
  A deep troll shaman (Lair:5)
  2 tengu warriors
  A spriggan berserker (Lair:5)
  Urug (D:12)
  Nergalle (Orc:2)
  Sonja (D:9)
  A fire crab (Gauntlet)
  Lodul (D:12)
  A skyshark (Lair:3)
  A lindwurm (Lair:1)
  2 arcanists
  A deep elf pyromancer (D:9)
  2 orc knights (Orc:1)
  7 orc sorcerers
  An ugly thing (D:11)
  Maurice (D:12)
  5 cyclopes
  3 manticores
  15 elephants
  3 meliai (D:13)
  2 molten gargoyles (Gauntlet)
  3 black mambas
  A kobold blastminer (Orc:1)
  A merfolk siren (Lair:2)
  10 cane toads
  2 gargoyles (Gauntlet)
  2 unseen horrors
  7 rime drakes
  A kobold demonologist (D:10)
  The ghost of Takeo the Insei, a novice OpSh (D:5)
  7 komodo dragons
  2 minotaur zombies (Gauntlet)
  3 tengu conjurers
  3 merfolk (Lair:2)
  6 trolls
  A polar bear (D:9)
  4 hornets
  22 blink frogs
  4 slime creatures
  45 yaks
  Grum (Lair:1)
  8 basilisks
  A water elemental (D:13)
  11 wyverns
  2 shadows (D:11)
  A warg (Orc:1)
  5 wraiths
  2 fire bats (Gauntlet)
  A steam dragon (Lair:4)
  12 vampire mosquitoes
  20 water moccasins
  2 sky beasts
  5 black bears
  A laughing skull (D:13)
  12 orc warriors
  4 ice beasts
  21 ogres
  13 wolves
  6 centaurs
  A phantom (D:5)
  A kobold brigand (D:9)
  12 bullfrogs
  A scorpion (D:6)
  A gnoll sergeant (D:11)
  7 wights
  A wyvern skeleton (D:5)
  13 killer bees
  5 electric eels
  A crimson imp (D:11)
  A bullfrog zombie (D:5)
  2 howler monkeys
  3 bombardier beetles
  2 hounds
  9 jellies
  10 orc priests
  3 gnoll boudas
  A bullfrog skeleton (D:5)
  Jessica (D:2)
  An iguana (D:5)
  35 orc wizards
  Natasha (twice) (D:2)
  5 hell rats
  12 gnolls
  4 adders
  A shadow imp (D:7)
  4 ribbon worms
  63 orcs
  9 ball pythons
  2 bats
  11 endoplasms
  4 giant cockroaches
  4 goblins
  6 hobgoblins
  5 jackals
  6 quokkas
  2 frilled lizards
  14 kobolds
  5 rats
623 creatures vanquished.

Vanquished Creatures (others)
  An orc wizard (Orc:2)
1 creature vanquished.

Grand Total: 624 creatures vanquished
